 Dungeon Crawl Stone Soup version 0.20.0-4-g10b340a (webtiles) character file.

275 IcyS the Poker (level 6, 0/42 HPs)
             Began as an Octopode Fighter on May 28, 2017.
             Slain by endorz's ghost (2 damage)
             ... on level 4 of the Dungeon.
             The game lasted 00:11:48 (3482 turns).

IcyS the Poker (Octopode Fighter)                   Turns: 3482, Time: 00:11:49

Health: 0/42       AC:  1    Str: 16    XL:     6   Next: 25%
Magic:  6/6        EV: 12    Int: 10    God:
Gold:   205        SH: 11    Dex: 13    Spells: 5/5 levels left

rFire    . . .     SeeInvis .   a - +1 trident
rCold    . . .     Gourm    .   w - +2 shield
rNeg     . . .     Faith    .   (helmet restricted)
rPois    .         Spirit   .   (no amulet)
rElec    .         Reflect  .   (no ring)
rCorr    .         Harm     .   (no ring)
MR       .....                  (no ring)
Stlth    ++........             (no ring)
Regen    0.2/turn               (no ring)
MPRegen  0.1/turn               (no ring)
                                (no ring)
                                (no ring)

@: no status effects
A: almost no armour, stealthy swim, amphibious, 8 rings, constrict 8, camouflage
1, gelatinous body 1
a: no special abilities


You were on level 4 of the Dungeon.
You were not hungry.

You visited 1 branch of the dungeon, and saw 5 of its levels.

You collected 205 gold pieces.

Inventory:

Hand Weapons
 a - a +1 trident (weapon)
 o - a +0 hunting sling
 s - a +0 blowgun
Missiles
 c - 18 bolts
 i - 141 stones (quivered)
 r - 16 sling bullets
 t - 11 poisoned needles
Armour
 b - a +0 shield
 w - a +2 shield (worn)
Wands
 p - a wand of digging (11/24)
Scrolls
 g - 2 scrolls of enchant weapon
 k - 3 scrolls of identify
 q - a scroll of magic mapping {unknown}
 x - a scroll of teleportation {unknown}
Potions
 e - 2 potions of heal wounds
 h - a potion of mutation {unknown}
 m - a potion of lignification {unknown}
 n - a potion of brilliance {unknown}
 u - 2 potions of berserk rage {unknown}
Comestibles
 d - 2 bread rations
 f - 5 royal jellies
 l - 2 meat rations
 v - 2 fruits


   Skills:
 + Level 3.4 Fighting
 + Level 5.4 Polearms
 + Level 3.3 Dodging
 * Level 3.7 Shields


You had 5 spell levels left.
You didn't know any spells.

Dungeon Overview and Level Annotations

Branches:
Dungeon (5/15)
 Temple: D:4-7

Altars:
Fedhas

Annotations:
D:3 exclusion: ogre
D:4 endorz's ghost, amateur CeFi


Innate Abilities, Weirdness & Mutations

You cannot wear most types of armour.
You are very stealthy in the water. (Stealth+)
You are amphibious.
You can wear up to eight rings at the same time.
You can use your tentacles to constrict eight enemies at once.
Your skin changes colour to match your surroundings (Stealth+).
Your rubbery body absorbs attacks. (AC +1, EV +1)


Message History

Endorz's ghost hits you.
You hit endorz's ghost. You squeeze endorz's ghost.
Endorz's ghost is lightly damaged.
You block endorz's ghost's attack.
You hit endorz's ghost.
Endorz's ghost is moderately damaged.
You block endorz's ghost's attack.
You hit endorz's ghost.
Endorz's ghost is moderately damaged.
Endorz's ghost hits you.
You hit endorz's ghost but do no damage.
Endorz's ghost is moderately damaged.
Endorz's ghost hits you.
You barely miss endorz's ghost.
Endorz's ghost is moderately damaged.
Endorz's ghost hits you.
* * * LOW HITPOINT WARNING * * *
x2 Endorz's ghost hits you!
* * * LOW HITPOINT WARNING * * *
You die...

#.# #.##.....#
#.# #.##......
#.# #.##.#####
#.# #.##.#####
#.# #.......#
#.# ####.##.##
#.# #...#h..
#.#######
...#...<.
#.....@W##
###...####
######.#.# .
#...#
#.....#..#
...#.#
######.#.....##
.##.
............##
#
.#####.#.#.#.#
#.....##.#
###.#.# #(#
#.#... .#


You could see endorz's ghost.

Vanquished Creatures
  2 hounds (D:4)
  2 orc wizards (D:4)
  Terence (D:3)
  A worker ant (D:4)
  4 adders
  An ooze (D:1)
  3 worms
  4 dart slugs
  2 leopard geckos
  3 orcs
  6 bats
  A giant cockroach (D:2)
  2 goblins (D:3)
  4 hobgoblins
  4 jackals (D:2)
  2 quokkas (D:2)
  6 frilled lizards
  5 kobolds
  7 rats
60 creatures vanquished.

Notes
Turn   | Place    | Note
-------+----------+-------------------------------------------
     0 | D:1      | IcyS the Octopode Fighter began the quest for the Orb.
     0 | D:1      | Reached XP level 1. HP: 16/16 MP: 1/1
   122 | D:1      | Reached XP level 2. HP: 19/21 MP: 2/2
   279 | D:1      | Reached skill level 3 in Polearms
   426 | D:1      | Reached XP level 3. HP: 26/26 MP: 3/3
  1068 | D:2      | Reached skill level 4 in Polearms
  1079 | D:2      | Found a blossoming altar of Fedhas.
  1122 | D:2      | Reached XP level 4. HP: 31/31 MP: 4/4
  1871 | D:3      | Noticed an ogre
  2013 | D:3      | Noticed Terence
  2046 | D:3      | Killed Terence
  2046 | D:3      | Reached skill level 5 in Polearms
  2046 | D:3      | Reached XP level 5. HP: 24/36 MP: 5/5
  2814 | D:4      | Noticed endorz's ghost (amateur CeFi)
  3149 | D:4      | Reached XP level 6. HP: 42/42 MP: 6/6
  3376 | D:5      | Entered Level 5 of the Dungeon
  3482 | D:4      | HP: 2/42 [endorz's ghost (7)]
  3482 | D:4      | Slain by endorz's ghost

Skill      XL: |  1  2  3  4 |
---------------+-------------+-----
Polearms       | 3 4 5 |  5.4
Fighting       | |  3.4
Dodging        | |  3.3
Shields        | |  3.7

Action                   |  1- 3 |  4- 6 || total
-------------------------+-------+-------++-------
Melee: Trident           |    68 |    85 ||   153
       Constrict         |    15 |    13 ||    28
       Tentacles         |    11 |    12 ||    23
Throw: Stone             |     1 |       ||     1
  Use: Potion            |       |     1 ||     1
       Scroll            |       |     5 ||     5
 Stab: Sleeping          |     6 |     5 ||    11
       Distracted        |     2 |     1 ||     3
  Eat: Chunk             |     1 |     7 ||     8
Armor: Skin              |     2 |     1 ||     3
Dodge: Dodged            |    16 |    25 ||    41
Block: Shield            |    14 |    16 ||    30
